 Dungeon Crawl Stone Soup version 0.26-a0-651-gb41185065b (webtiles) character file.

Game seed: 4656597826071202063

7 Ozzies the Sneak (level 1, -3/9 HPs)
             Began as a Spriggan Enchanter on Oct 7, 2020.
             Slain by a quokka (4 damage)
             ... on level 2 of the Dungeon.
             The game lasted 00:02:30 (802 turns).

Ozzies the Sneak (Spriggan Enchanter)                Turns: 802, Time: 00:02:30

Health: -3/9       AC:  2    Str:  4    XL:     1   Next: 91%
Magic:  4/5        EV: 18    Int: 16    God:
Gold:   9          SH:  0    Dex: 16    Spells: 4/5 levels left

rFire    . . .     SeeInvis +   a - +1 dagger
rCold    . . .     Faith    .   (shield restricted)
rNeg     . . .     Spirit   .   b - +0 robe
rPois    .         Reflect  .   (helmet restricted)
rElec    .         Harm     .   (no cloak)
rCorr    .         Rampage  .   (gloves unavailable)
MR       .....                  (boots unavailable)
Stlth    +++.......             (no amulet)
HPRegen  0.03/turn              (no ring)
MPRegen  0.09/turn              (no ring)

@: very quick
A: very small, unfitting armour, see invisible, speed 3
a: no special abilities


You were on level 2 of the Dungeon.
You visited 1 branch of the dungeon, and saw 2 of its levels.

You collected 9 gold pieces.

Inventory:

Hand Weapons
 a - a +1 dagger (weapon)
Missiles
 f - 22 sling bullets
Armour
 b - a +0 robe (worn)
Scrolls
 c - 2 scrolls of remove curse {unknown}
Potions
 d - a potion of berserk rage {unknown}
 e - a potion of curing {unknown}


   Skills:
 + Level 0.2 Fighting
 + Level 1.3 Short Blades
 - Level 3.0 Dodging
 * Level 4.7 Stealth
 + Level 2.8 Spellcasting
 + Level 3.7 Hexes


You had 4 spell levels left.
You knew the following spells:

 Your Spells              Type           Power        Failure   Level
a - Corona                Hex            ##.....      4%          1

Your spell library contained the following spells:

 Spells                   Type           Power        Failure   Level
 Confusing Touch          Hex            ##......     12%         3
 Tukima's Dance           Hex            ##......     12%         3
 Ensorcelled Hibernation  Hex/Ice        #.....       14%         2
 Dazzling Flash           Conj/Hex       #.....       26%         3


Dungeon Overview and Level Annotations

Branches:
Dungeon (2/15)

Altars:


Innate Abilities, Weirdness & Mutations

You are very small and have problems with some larger weapons.
You are too small for most types of armour.
You have supernaturally acute eyesight. (SInv)
You cover ground extremely quickly.


Message History

The jackal barely misses you.
You closely miss the jackal. The jackal bites you.
You hit the jackal but do no damage. The jackal barely misses you.
You barely miss the jackal. The jackal bites you.
The jackal bites you but does no damage.
You are too injured to fight recklessly!
You are too injured to fight recklessly!
You are too injured to fight recklessly!
You are too injured to fight recklessly!
You are too injured to fight recklessly!
You are too injured to fight recklessly!
You barely miss the jackal. The jackal misses you.
You hit the jackal but do no damage. The jackal closely misses you.
You hit the jackal but do no damage. The jackal barely misses you.
You barely miss the jackal.
The jackal stops glowing.
The jackal closely misses you. The jackal completely misses you.
You closely miss the jackal. The jackal bites you.
* * * LOW HITPOINT WARNING * * *
You see here a goblin skeleton.
You see here a goblin skeleton.
d - a fuming golden potion A kobold comes into view.
You see here a +0 whip.
You start resting.
HP restored.
You see here a mace.
e - a purple potion A rat comes into view.
Found 16 arrows.
Found a scroll labeled UWNENI KULEC.
Found a hand axe.
The helpless rat fails to defend itself.
You impale the rat!!
You kill the rat!
f - 22 sling bullets
c - 2 scrolls labeled UWNENI KULEC (gained 1)
A kobold is nearby!
A kobold is nearby!
A kobold comes into view. It is wielding a +0 whip.
Found 17 gold pieces.
Found 5 gold pieces.
The helpless kobold fails to defend itself.
You impale the kobold!!
You kill the kobold!
A rat comes into view.
The kobold shouts!
You hit the kobold but do no damage. The kobold hits you.
You hit the kobold but do no damage. The kobold hits you.
You hit the kobold but do no damage. The kobold misses you.
You barely miss the kobold. The kobold hits you.
You are too injured to fight recklessly!
You are too injured to fight recklessly!
You are too injured to fight recklessly!
You are too injured to fight recklessly!
You are too injured to fight recklessly!
You are too injured to fight recklessly!
You are too injured to fight recklessly!
You are too injured to fight recklessly!
You are too injured to fight recklessly!
You are too injured to fight recklessly!
You are too injured to fight recklessly!
You are too injured to fight recklessly!
You are too injured to fight recklessly!
A rat comes into view.
You see here a +0 whip.
You start resting.
A kobold is nearby!
You see here a mace.
The kobold shouts!
There is a stone staircase leading down here.
You climb downwards.
Found 30 stones and a leather armour.
Found a stone staircase leading down.
There is a stone staircase leading up here.
You start resting.
A quokka comes into view.
A quokka is nearby!
Casting: Corona (safe; 4% risk of failure)
Confirm with . or Enter, or press ? or * to list all spells.
Aiming: Corona (safe; 4% risk of failure)
Press: ? - help, Shift-Dir - straight line, f - quokka
Aim: a quokka (wandering, hasn't noticed you, chance to defeat MR: 68%)
The quokka is outlined in light.
You hit the quokka.
The quokka is heavily wounded.
The quokka bites you.
Ouch! That really hurt!
* * * LOW HITPOINT WARNING * * *
You hit the quokka.
The quokka is almost dead.
The quokka completely misses you.
You hit the quokka but do no damage.
The quokka is almost dead.
The quokka completely misses you.
You completely miss the quokka.
The quokka is almost dead.
The quokka closely misses you.
You barely miss the quokka.
The quokka is almost dead.
The quokka bites you.
You die...

.... ... #.. #
#.. . #.# ..
##[. #...#.##
.....
##......#......
......r@.......
.#......#...###
##..#.## ..# #.
#. .(. # #. ...
## .. #


You could see a quokka (corona).

Vanquished Creatures
  A goblin (D:1)
  2 jackals (D:1)
  2 kobolds (D:1)
  2 rats (D:1)
7 creatures vanquished.

Notes
Turn   | Place    | Note
-------+----------+-------------------------------------------
     0 | D:1      | Ozzies the Spriggan Enchanter began the quest for the Orb.
     0 | D:1      | Reached XP level 1. HP: 9/9 MP: 5/5
   802 | D:2      | Slain by a quokka

Illustrated notes

Levels and vault maps discovered:
D:1:      lemuel_arrival_room, layout_basic, grunt_decor_cap,
          minmay_pentomino_z4
D:2:      layout_loops_ring, chequers_ecumenical_altar_twisty

Action                   || total
-------------------------++-------
Melee: Dagger            ||    43
 Cast: Corona            ||     5
 Stab: Sleeping          ||     3
Armor: Robe              ||     2
Dodge: Dodged            ||    38

Table legend: (Time is in decaauts)
 A = Elapsed time spent in this place.
 B = Non-inter-level travel time spent in this place.
 C = Inter-level travel time spent in this place.
 D = Time resting spent in this place.
 E = Time spent auto-exploring this place.
 F = Levels seen in this place.
 G = Mean time per level.
                   A        B        C        D        E       F      G
               +--------+--------+--------+--------+--------+-----+--------+
         Total |    656 |    656 |      0 |    386 |     50 |   2 |  328.0 |
       Dungeon |    656 |    656 |      0 |    386 |     50 |   2 |  328.0 |
               +--------+--------+--------+--------+--------+-----+--------+

Top non-repeatable levels by time:
     D:1: 605 daAuts
     D:2: 50 daAuts
